 Dungeon Crawl Stone Soup version 0.30-b1-2-g02819fbbbe (webtiles) character file.

Game seed: 5424286276627159407

746 Sassenached the Slasher (level 7, -8/61 HPs)
             Began as a Demigod Wanderer on May 17, 2023.
             Mangled by an ogre
             ... wielding a +0 giant club
              (16 damage)
             ... on level 5 of the Dungeon.
             The game lasted 00:07:02 (4805 turns).

Sassenached the Slasher (Demigod Wanderer)          Turns: 4805, Time: 00:07:03

Health: -8/61      AC:  8    Str: 17    XL:     7   Next: 23%
Magic:  11/11      EV:  7    Int: 14    God:
Gold:   173        SH:  0    Dex: 17    Spells: 8/8 levels left

rFire   . . .        p - +3 falchion
rCold   . . .        (no shield)
rNeg    . . .        r - +0 chain mail
rPois   .            (no helmet)
rElec   .            (no cloak)
rCorr   .            (no gloves)
SInv    .            (no boots)
Will    .....        (no amulet) Stlth
                     (no ring)
HPRegen 0.30/turn    (no ring)
MPRegen 0.12/turn

%: no passive effects
@: no status effects
A: high MP 1, forlorn, divine attributes
a: no special abilities


You were on level 5 of the Dungeon.
You visited 1 branch of the dungeon, and saw 5 of its levels.

You collected 245 gold pieces.
You spent 72 gold pieces at shops.

Inventory:

Hand Weapons
 a - a +2 short sword of venom
 c - a +0 dagger
 p - a +3 falchion (weapon)
Missiles
 b - 12 poisoned darts
 i - a throwing net
Armour
 e - a +1 robe
 r - a +0 chain mail (worn)
Jewellery
 k - a ring of positive energy
Wands
 s - a wand of mindburst (1) (quivered)
Scrolls
 d - 2 scrolls of enchant armour
 f - a scroll of blinking
 g - a scroll of enchant weapon
 h - 2 scrolls of amnesia
 j - a scroll of identify
 l - a scroll of silence
Potions
 m - a potion of cancellation
 n - a potion of flight {unknown}
 q - 2 potions of brilliance
 t - a potion of resistance {unknown}


   Skills:
 * Level 5.3 Fighting
 + Level 6.3 Long Blades
 - Level 2.6 Throwing
 - Level 1.0 Spellcasting
 - Level 1.0 Air Magic


You had 8 spell levels left.
You didn't know any spells.
Your spell library contained the following spells:

 Spells                   Type           Power      Damage    Failure   Level
 Sandblast                Erth           0%         2d4       97%         1
 Sting                    Tmut/Pois      0%         1d3       97%         1
 Passwall                 Tmut/Erth      0%         N/A       99%         2
 Poisonous Vapours        Pois/Air       4%         N/A       99%         2
 Static Discharge         Conj/Air       4%         2-3/arc   99%         2
 Portal Projectile        Hex/Tloc       0%         N/A       100%        3
 Stone Arrow              Conj/Erth      0%         3d7       100%        3
 Tukima's Dance           Hex            0%         N/A       100%        3
 Olgreb's Toxic Radiance  Pois           0%         N/A       100%        4
 Blade Hands              Tmut           0%         N/A       100%        5


Dungeon Overview and Level Annotations

Branches:
Dungeon (5/15)             Temple (0/1) D:5

Shops:
D:1 =   D:4 ?


Innate Abilities, Weirdness & Mutations

You have an increased reservoir of magic. (+10% MP)
You shall have no god before yourself.
Your divine heritage dramatically boosts your attributes as you level up.


Message History

No target in view!
An adder comes into view.
An ogre comes into view. It is wielding a +0 giant club.
The ogre shouts!
You barely miss the adder. The adder bites you but does no damage.
You barely miss the adder. The adder bites you. x2
You miss the adder. The adder bites you.
You miss the adder. The adder bites you but does no damage.
You hit the adder.
The adder is moderately wounded.
The adder bites you.
You hit the adder.
The adder is heavily wounded.
The adder closely misses you.
The ogre hits you with a +0 giant club!!
The adder barely misses you.
You slash the adder!
You kill the adder!
The ogre hits you with a +0 giant club!
You barely miss the ogre. You hit the ogre.
The ogre is moderately wounded.
The ogre barely misses you.
Unknown command.
Okay, then.
You hit the ogre.
The ogre is heavily wounded.
The ogre hits you with a +0 giant club!
* * * LOW HITPOINT WARNING * * *
Unknown command.
You slash the ogre!
The ogre is severely wounded.
You hit the ogre.
The ogre is almost dead.
The ogre hits you with a +0 giant club!
* * * LOW HITPOINT WARNING * * *
You hit the ogre.
The ogre is almost dead.
The ogre hits you with a +0 giant club!
You die...

#........... .........#
#........... .........#
#........... ........#
#........... #......#
#........... #......#
#........... #......#
#........... ...
#....O.# #...........
~.○° #....@.#
#........... ###~.☼.
#......####...........
...~°..
~...........#...........
....~~~
.....###....#...........
....... .....
#....#...........
....... ....
#....#...........
.O..... ....
#....#...........
..............
#....#...........
..............#
#................


You could see an ogre.

Vanquished Creatures
  2 ogres (D:5)
  2 phantoms
  A jelly (D:4)
  An orc priest (D:5)
  A gnoll bouda (D:4)
  Terence (D:2)
  A sleepcap (D:4)
  2 iguanas
  4 gnolls (D:4)
  12 adders
  A white imp (D:5)
  3 worms
  3 dart slugs
  18 orcs
  7 endoplasms
  A giant cockroach (D:2)
  5 goblins
  4 hobgoblins
  3 jackals (D:4)
  6 quokkas
  6 ball pythons
  3 bats
  6 frilled lizards
  11 kobolds
  5 rats
109 creatures vanquished.

Notes
Turn   | Place    | Note
-------+----------+-------------------------------------------
     0 | D:1      | Sassenached the Demigod Wanderer began the quest for the
                  | Orb.
     0 | D:1      | Sassenached set off with the following items: a +2
                  | falchion, 10 poisoned darts, a +0 dagger, a potion of heal
                  | wounds, a +0 robe; and the following spells available to
                  | memorise: Poisonous Vapours, Static Discharge.
     0 | D:1      | Reached XP level 1. HP: 17/17 MP: 4/4
   166 | D:1      | Reached skill level 3 in Long Blades
   587 | D:1      | Reached XP level 2. HP: 20/24 MP: 5/5
   679 | D:1      | Found Kiontock's Jewellery Shoppe.
   887 | D:2      | Noticed Terence
   899 | D:2      | Killed Terence
   900 | D:2      | Reached XP level 3. HP: 14/30 MP: 6/6
  1268 | D:2      | Reached skill level 4 in Long Blades
  1268 | D:2      | Reached XP level 4. HP: 16/37 MP: 8/8
  2143 | D:3      | Identified the +2 robe "Henozueb" {Int+2}
  2713 | D:4      | Reached XP level 5. HP: 23/45 MP: 9/9
  3192 | D:4      | Reached skill level 5 in Long Blades
  3287 | D:4      | Reached XP level 6. HP: 33/52 MP: 10/10
  3659 | D:4      | Found Bisopho's Magic Scroll Emporium.
  3668 | D:4      | Bought a scroll of identify for 24 gold pieces
  3668 | D:4      | Bought a scroll of identify for 24 gold pieces
  3668 | D:4      | Bought a scroll of identify for 24 gold pieces
  3770 | D:5      | Entered Level 5 of the Dungeon
  3883 | D:5      | Identified the +2 ring mail of the Divine God {*Corrode
                  | Str+9 Int+4 Slay-2}
  4366 | D:5      | Found a staircase to the Ecumenical Temple.
  4441 | D:5      | Noticed a hornet
  4452 | D:5      | Reached skill level 5 in Fighting
  4452 | D:5      | Reached skill level 6 in Long Blades
  4452 | D:5      | Reached XP level 7. HP: 35/61 MP: 11/11
  4805 | D:5      | Mangled by an ogre

Illustrated notes

Levels and vault maps discovered:
D:1:      lightli_arrival_statuegarden, layout_basic,
          hellmonk_ecumenical_altar_inner_sanctum, serial_shops, shop_statue
D:2:      layout_loops_ring, uniq_terence
D:3:      minmay_recursive_quarters, layout_basic, nicolae_half_adder
D:4:      layout_rooms, serial_shops, nicolae_shop_waterfront
D:5:      layout_basic, xom_confusion_cloud, minmay_temple_entry_offerings,
          minmay_misc_feat_plants, kennysheep_generic_room_14

Skill      XL: |  1  2  3  4  5  6 |
---------------+-------------------+-----
Fighting       | 2 3 4 5 |  5.3
Long Blades    | 3 4 5 6 |  6.3
Throwing       | |  2.6
Spellcasting   | |  1.0
Air Magic      | |  1.0

Action                     |  1- 3 |  4- 6 |  7- 9 || total
---------------------------+-------+-------+-------++-------
  Melee: Falchion          |    79 |   209 |    24 ||   312
         Short sword       |       |    46 |       ||    46
         Punch             |       |     2 |       ||     2
  Evoke: Wand              |       |    10 |     3 ||    13
    Use: Potion            |     5 |     2 |     1 ||     8
         Scroll            |     1 |    11 |       ||    12
   Stab: Sleeping          |     2 |     2 |       ||     4
 Armour: Robe              |    11 |    31 |       ||    42
         Skin              |     2 |     3 |       ||     5
         Chain mail        |       |    67 |    14 ||    81
  Dodge: Dodged            |    34 |   111 |    11 ||   156
